 Dungeon Crawl Stone Soup version 0.24-a0-284-g9fb9971df1 (webtiles) character file.

Game seed: 3709693778497859275

5 HAL9000 the Sneak (level 1, 0/9 HPs)
             Began as a Vine Stalker Enchanter on May 4, 2019.
             Slain by a jackal (3 damage)
             ... on level 1 of the Dungeon.
             The game lasted 00:00:16 (113 turns).

HAL9000 the Sneak (Vine Stalker Enchanter)           Turns: 113, Time: 00:00:17

Health: 0/9        AC:  2    Str: 10    XL:     1   Next: 80%
Magic:  0/4        EV: 12    Int: 15    God:
Gold:   44         SH:  0    Dex: 14    Spells: 3/4 levels left

rFire    . . .     SeeInvis .   a - +1 dagger
rCold    . . .     Gourm    .   (no shield)
rNeg     . . .     Faith    .   b - +0 robe
rPois    .         Spirit   +   (no helmet)
rElec    .         Reflect  .   (no cloak)
rCorr    .         Harm     .   (no gloves)
MR       .....                  (no boots)
Stlth    ++........             (no amulet)
HPRegen  0.03/turn              (no ring)
MPRegen  0.09/turn              (no ring)

@: no status effects
A: fangs 2, magic shield, antimagic bite, no potion heal 3, rot immunity
a: no special abilities


You were on level 1 of the Dungeon.
You were not hungry.

You visited 1 branch of the dungeon, and saw 1 of its levels.

You collected 44 gold pieces.

Inventory:

Hand Weapons
 a - a +1 dagger (weapon)
Armour
 b - a +0 robe (worn)
Jewellery
 e - an uncursed amulet of guardian spirit {unknown}
Comestibles
 c - 2 chunks of flesh
 d - a ration


   Skills:
 + Level 0.8 Short Blades
 - Level 1.5 Dodging
 - Level 3.6 Stealth
 - Level 2.1 Spellcasting
 + Level 3.4 Hexes


You had 3 spell levels left.
You knew the following spells:

 Your Spells              Type           Power        Failure   Level  Hunger
a - Corona                Hex            ##.....      5%          1    #......

Your spell library contained the following spells:

 Spells                   Type           Power        Failure   Level  Hunger
 Confuse                  Hex            ##......     16%         3    ###....
 Tukima's Dance           Hex            ##......     16%         3    ###....
 Ensorcelled Hibernation  Hex/Ice        #.....       17%         2    ###....
 Dazzling Spray           Conj/Hex       #.....       32%         3    ###....


Dungeon Overview and Level Annotations

Branches:
Dungeon (1/15)

Altars:


Innate Abilities, Weirdness & Mutations

You have extremely sharp teeth.
When hurt, damage is shared between your health and your magic reserves.
Your bite disrupts and absorbs the magic of your enemies.
Potions cannot restore your health.
You are immune to rotting.


Message History

Unknown command.
The jackal barely misses you. The jackal barely misses you.
The jackal closely misses you.
You hit the jackal.
The jackal is heavily wounded.
The jackal bites you.
Casting: Corona (safe; 5% risk of failure)
Confirm with . or Enter, or press ? or * to list all spells.
You don't know that spell.
You hit the jackal.
You kill the jackal!
The jackal bites you but does no damage.
You hit the jackal but do no damage. You bite the jackal, but do no damage.
The jackal is heavily wounded.
The jackal bites you but does no damage.
You barely miss the jackal.
The jackal is heavily wounded.
The jackal bites you.
You die...

#.##.### #.#
#.##...## #.#
#.####..###.#
#.## ##..##.#
##..###......###
###
......#.####...#
...# ##'##...#
#.#.## ##....
#...##..#
#.#..####......
..#..#.##
#.##.@hh..#
.#.#.#.#
#..#####..#
.)#..+.# ##.
##...# .#)#.#.#
# ##.h..#
..#..#.# #..##.#
#...##.. #....##
.# ##+## #..#..#
.. ...... #..
##.. ##. .....(
#.. ##. ..


You could see 2 jackals.

Vanquished Creatures
  A giant cockroach (D:1)
  A jackal (D:1)
  2 kobolds (D:1)
  A bat (D:1)
5 creatures vanquished.

Notes
Turn   | Place    | Note
-------+----------+-------------------------------------------
     0 | D:1      | HAL9000 the Vine Stalker Enchanter began the quest for the
                  | Orb.
     0 | D:1      | Reached XP level 1. HP: 9/9 MP: 4/4
   113 | D:1      | Slain by a jackal

Levels and vault maps discovered:
D:1:      lightli_arrival_quake, layout_rooms, minmay_box_of_dots

Action                   || total
-------------------------++-------
Melee: Dagger            ||    16
       Bite              ||     3
 Stab: Sleeping          ||     1
Armor: Robe              ||     2
Dodge: Dodged            ||    11

Table legend:
 A = Non-vault XP
 B = Vault XP
 C = Vault XP percentage of total XP
 D = Non-vault monster count
 E = Vault monster count
 F = Vault count percentage of total count
                 A         B        C        D         E       F
            +---------+---------+-------+---------+---------+-------
      Total |       4 |       4 |  50.0 |       2 |       3 |  60.0
            +---------+---------+-------+---------+---------+-------
        D:1 |       4 |       4 |  50.0 |       2 |       3 |  60.0
            +---------+---------+-------+---------+---------+-------
